 Dungeon Crawl Stone Soup version 0.28-a0-224-g76b539d98b (webtiles) character file.

Game seed: 1440544817153143721

98 avis the Ruffian (level 4, -1/45 HPs)
             Began as an Ogre Transmuter on Aug 21, 2021.
             Killed from afar by Sigmund (7 damage)
             ... with a magic dart
             ... on level 2 of the Dungeon.
             The game lasted 00:13:53 (2612 turns).

avis the Ruffian (Ogre Transmuter)                  Turns: 2612, Time: 00:13:54

Health: -1/45      AC:  3    Str: 14    XL:     4   Next: 71%
Magic:  8/8        EV: 10    Int: 15    God:
Gold:   54         SH:  0    Dex:  9    Spells: 5/9 levels left

rFire   . . .      SeeInvis .   b - +0 hunting sling
rCold   . . .      Faith    .   (no shield)
rNeg    . . .      Spirit   .   a - +0 robe
rPois   .          Reflect  .   (helmet restricted)
rElec   .          Harm     .   (no cloak)
rCorr   .          Rampage  .   (gloves unavailable)
Will    .....                   (boots unavailable)
Stlth   +.........              (no amulet)
HPRegen 0.15/turn               (no ring)
MPRegen 0.11/turn               (no ring)

@: no status effects
A: large, unfitting armour, tough skin 1
a: no special abilities


You were on level 2 of the Dungeon.
You visited 1 branch of the dungeon, and saw 2 of its levels.

You collected 54 gold pieces.

Inventory:

Hand Weapons
 b - a +0 hunting sling (weapon)
 d - a +0 club
 g - a +0 short sword
Missiles
 h - 18 arrows
 j - 27 stones (quivered ammo)
Armour
 a - a +0 robe (worn)
Scrolls
 c - a scroll of fear {unknown}
 e - a scroll of amnesia {unknown}
 f - 3 scrolls of fog {unknown}
 i - a scroll of identify {unknown}
 k - a scroll of teleportation {unknown}
Potions
 l - a potion of degeneration {unknown}
 m - a potion of heal wounds {unknown}
 n - a potion of lignification {unknown}
 o - a potion of haste {unknown}


   Skills:
 - Level 3.0 Fighting
 - Level 2.0 Dodging
 * Level 3.2 Unarmed Combat
 - Level 3.0 Spellcasting
 - Level 2.0 Transmutations
 - Level 2.0 Poison Magic


You had 5 spell levels left.
You knew the following spells:

 Your Spells              Type           Power      Damage    Failure   Level
a - Beastly Appendage     Tmut           16%        N/A       9%          1
p - Spider Form           Tmut/Pois      4%         N/A       26%         3

Your spell library contained the following spells:

 Spells                   Type           Power      Damage    Failure   Level
 Wereblood                Tmut           8%         N/A       13%         2
 Ice Form                 Ice/Tmut       5%         N/A       78%         4


Dungeon Overview and Level Annotations

Branches:
Dungeon (2/15)

Altars:
Yredelemnul

Annotations:
D:2 Sigmund


Innate Abilities, Weirdness & Mutations

You are too large for most types of armour.
You have tough skin. (AC +1)


Message History

You shoot a stone. The stone hits the endoplasm.
You kill the endoplasm!
o - a sedimented puce potion
j - 27 stones (gained 17) Sigmund the Dreaded comes into view.
He is wielding a +0 scythe of protection.
Sigmund shouts!
Sigmund moves out of view.
Cast which spell? (? or * to list)
The spell is quite dangerous to cast (26% risk of failure)!
Continue anyway?
You turn into a venomous arachnid creature.
Your +0 hunting sling melds into your body.
Your +0 robe melds into your body.
Sigmund points at you and mumbles some strange words.
You are confused.
Sigmund completely misses you.
You're too confused to move!
Sigmund completely misses you.
Your transformation is almost over.
Sigmund casts a spell.
Sigmund flickers and vanishes!
Deactivating autopickup; reactivate with Ctrl-A.
You're too confused to move!
Something hits you!
You're too confused to move!
You feel less confused.
You hit something. Something hits you!
You barely miss something. You hit something. Something hits you!
You barely miss something. Something hits you!
* * * LOW HITPOINT WARNING * * *
Your transformation has ended.
Your +0 hunting sling unmelds from your body.
Your +0 robe unmelds from your body.
Something completely misses you.
You are too injured to fight recklessly!
Unknown command.
Okay, then.
A puff of flame appears from out of thin air!
The puff of flame misses you.
Something tries to affect you, but you resist.
A magic dart appears from out of thin air!
The magic dart hits you!
You die...

#.....#####.##......#
####..# #.##......# #{##
#.######... #.# #.# #...
#.# #.# #... #.# #.# #...
########.######.######...
....................#####
##########@######.###.#
#......# #........# #.#
#.##.#.###..####### #.#
#.#..#......# #.#
#.#..######.# #.# #.#..#
#.# #.##### #.#..# #.#
#...... #.#..######.#
####### #.#......<#.#


There were no monsters in sight!

Vanquished Creatures
  Terence (D:2)
  An adder (D:2)
  2 dart slugs (D:1)
  7 ball pythons
  7 endoplasms
  4 goblins
  6 hobgoblins
  9 jackals (D:1)
  3 quokkas (D:1)
  4 bats
  5 frilled lizards
  2 kobolds (D:1)
  2 rats (D:1)
53 creatures vanquished.

Notes
Turn   | Place    | Note
-------+----------+-------------------------------------------
     0 | D:1      | avis the Ogre Transmuter began the quest for the Orb.
     0 | D:1      | Reached XP level 1. HP: 19/19 MP: 3/3
    75 | D:1      | Reached XP level 2. HP: 24/28 MP: 5/5
   710 | D:1      | Reached XP level 3. HP: 32/35 MP: 4/7
   714 | D:1      | Learned a level 3 spell: Spider Form
  1127 | D:1      | Reached skill level 1 in Poison Magic
  2148 | D:2      | Reached XP level 4. HP: 42/42 MP: 4/8
  2406 | D:2      | Found a faded altar of an unknown god.
  2406 | D:2      | Noticed Terence
  2417 | D:2      | Killed Terence
  2543 | D:2      | Found a basalt altar of Yredelemnul.
  2571 | D:2      | Noticed Sigmund
  2589 | D:2      | HP: 2/45 [something (12)]
  2612 | D:2      | Killed from afar by Sigmund

Illustrated notes

Levels and vault maps discovered:
D:1:      psy_arrival_radial02, layout_basic, grunt_decor_clamped
D:2:      minmay_evil_eye, layout_basic, basic_altar, basic_ecumenical_altar,
          uniq_sigmund, uniq_terence

Skill      XL: |  1  2  3  4 |
---------------+-------------+-----
Transmutations | 2 |  2.0
Fighting       | 2 3 |  3.0
Dodging        | 2 |  2.0
Unarmed Combat | 3 |  3.2
Spellcasting   | 3 |  3.0
Poison Magic   | 1 2 |  2.0

Action                   |  1- 3 |  4- 6 || total
-------------------------+-------+-------++-------
Melee: Unarmed           |    48 |    20 ||    68
       Headbutt          |    10 |       ||    10
       Kick              |    19 |       ||    19
       Club              |    83 |       ||    83
 Fire: Hunting sling     |     6 |    13 ||    19
 Cast: Beastly Appendage |    24 |     1 ||    25
       Spider Form       |     7 |     4 ||    11
 Stab: Sleeping          |     1 |       ||     1
Armor: Robe              |    36 |     1 ||    37
       Skin              |     2 |       ||     2
Dodge: Dodged            |   113 |    19 ||   132

Table legend: (Time is in decaauts)
 A = Elapsed time spent in this place.
 B = Non-inter-level travel time spent in this place.
 C = Inter-level travel time spent in this place.
 D = Time resting spent in this place.
 E = Time spent auto-exploring this place.
 F = Levels seen in this place.
 G = Mean time per level.
                   A        B        C        D        E       F      G
               +--------+--------+--------+--------+--------+-----+--------+
         Total |   2639 |   2506 |    133 |    925 |    976 |   2 | 1319.5 |
       Dungeon |   2639 |   2506 |    133 |    925 |    976 |   2 | 1319.5 |
               +--------+--------+--------+--------+--------+-----+--------+

Top non-repeatable levels by time:
     D:1: 2077 daAuts
     D:2: 562 daAuts
